 Dungeon Crawl Stone Soup version 0.29-a0-330-g52719c12eb (webtiles) character file.

Game seed: 8410952005054508233

68 Anon1729 the Skirmisher (level 4, 0/35 HPs)
             Began as a Mummy Monk on May 15, 2022.
             Was an Initiate of Ashenzari.
             Slain by an orc wizard
             ... wielding a +0 dagger
              (4 damage)
             ... on level 3 of the Dungeon.
             The game lasted 00:03:58 (1932 turns).

Anon1729 the Skirmisher (Mummy Monk)                Turns: 1932, Time: 00:03:59

Health: 0/35       AC:  2    Str: 14    XL:     4   Next: 1%
Magic:  5/5        EV: 13    Int: 11    God:    Ashenzari [......]
Gold:   83         SH:  0    Dex: 14    Spells: 5/5 levels left

rFire   x . .      SeeInvis .   f - +0 dagger (vamp)
rCold   + . .      Faith    .   (no shield)
rNeg    + + +      Spirit   .   b - +0 robe "Share My Dismay" {Evo, Cun} (curse)
rPois   ∞          Reflect  .   (no helmet)
rElec   .          Harm     .   (no cloak)
rCorr   .          Rampage  .   (no gloves)
Will    .....                   (no boots)
Stlth   ++........              (no amulet)
HPRegen 0.11/turn               (no ring)
MPRegen 0.09/turn               (no ring)

@: no status effects
A: cold resistance 1, negative energy resistance 3, torment resistance 2, heat
vulnerability 1, in touch with death 1, no potions
a: Renounce Religion, Shatter the Chains


You were on level 3 of the Dungeon.
You worshipped Ashenzari.
Ashenzari was noncommittal.
You visited 1 branch of the dungeon, and saw 3 of its levels.

You collected 83 gold pieces.

Inventory:

Hand Weapons
 a - a +0 short sword
 f - a +0 vampiric dagger (weapon)
Armour
 b - the cursed +0 robe "Share My Dismay" (worn) {Evo, Cun}

   It has a curse which improves the following skills: Evocations: Evocations.
   Cunning:   Dodging and Stealth.
Scrolls
 c - a scroll of magic mapping
 d - 4 scrolls of identify


   Skills:
 + Level 3.4 Fighting
 + Level 2.6 Short Blades
 + Level 2.7(3.1) Dodging
 + Level 2.1(2.4) Stealth
 * Level 1.2 Spellcasting
 * Level 0.7 Hexes
 * Level 1.0 Necromancy
 + Level 0.0 Evocations


You had 5 spell levels left.
You didn't know any spells.
Your spell library contained the following spells:

 Spells                   Type           Power      Damage    Failure   Level
 Summon Hydra             Summ           0%         N/A       100%        7
 Beastly Appendage        Tmut           Unusable   N/A       N/A         1
 Sublimation of Blood     Necr           Unusable   N/A       N/A         2
 Wereblood                Tmut           Unusable   N/A       N/A         2
 Spider Form              Tmut/Pois      Unusable   N/A       N/A         3

Dungeon Overview and Level Annotations

Branches:
Dungeon (3/15)

Altars:
Ashenzari

Annotations:
D:2 exclusion: ogre


Innate Abilities, Weirdness & Mutations

You are immune to poison.
Your flesh is cold resistant. (rC+)
You are immune to negative energy. (rN+++)
You are immune to unholy pain and torment.
You are vulnerable to heat. (rF-)
You are in touch with the powers of death.
You do not drink.


Message History

You closely miss something. Something hits you.
You barely miss something. Something hits you.
You miss something. You closely miss something. Something barely misses you.
You miss something. Something hits you but does no damage.
You hit something.
You feel better. Something hits you but does no damage.
You closely miss something. Something hits you.
You miss something. Something hits you.
You miss something. You barely miss something. Something barely misses you.
You hit something.
You feel better. Something hits you.
You closely miss something. Something hits you.
You barely miss something. Something hits you.
You hit something.
You feel better. Something hits you.
You closely miss something.
You hear some strange, mumbled words.
A magic dart appears from out of thin air!
The magic dart hits you.
* * * LOW HITPOINT WARNING * * *
You hit something but do no damage. Something hits you.
* * * LOW HITPOINT WARNING * * *
You aren't carrying any items that you can evoke.
As you read the scroll labelled KIUNIW ANAUNEAG, it crumbles to dust.
It is a scroll of identify.
c - a scroll of magic mapping Something hits you.
* * * LOW HITPOINT WARNING * * *
As you read the scroll labelled YLOAJUDEINU, it crumbles to dust.
It is a scroll of enchant armour.
You aren't carrying any armour which can be enchanted further.
Something hits you but does no damage.
Unknown command.
You closely miss something. You miss something.
Something hits you but does no damage.
You hit something but do no damage. Something barely misses you.
You miss something. Something hits you.
* * * LOW HITPOINT WARNING * * *
You barely miss something. Something hits you but does no damage.
You hit something but do no damage. Something hits you.
You die... ....# #.. ## ..# ##...#..# #.# ...#. ..# #.# ##...##.# #.## ##.###.# #oo

##..# #.# #g# ..#.###.#
#{# ##......##
####@######
.........####...........
###.###..........#######
#...........####
#############


You could see 2 orcs and a goblin.

Vanquished Creatures
  3 adders
  A worm (D:2)
  A dart slug (D:1)
  An orc (D:3)
  3 ball pythons
  2 bats (D:2)
  4 endoplasms
  8 goblins
  2 hobgoblins
  3 kobolds
  2 quokkas (D:1)
  A frilled lizard (D:2)
  2 rats (D:2)
33 creatures vanquished.

Notes
Turn   | Place    | Note
-------+----------+-------------------------------------------
     0 | D:1      | Anon1729 the Mummy Monk began the quest for the Orb.
     0 | D:1      | Reached XP level 1. HP: 18/18 MP: 1/1
    93 | D:1      | Found a faded altar of an unknown god.
   150 | D:1      | Prayed at the altar of an unknown god.
   150 | D:1      | Became a worshipper of Ashenzari the Shackled
   184 | D:1      | Reached XP level 2. HP: 24/24 MP: 2/2
   751 | D:2      | Noticed an ogre
   834 | D:2      | You fall into a shaft and drop 1 floor!
   875 | D:2      | Gained mutation: You are in touch with the powers of death.
                  | [Mummy growth]
   875 | D:2      | Reached XP level 3. HP: 27/29 MP: 3/3
   901 | D:2      | Reached skill level 1 in Spellcasting
  1909 | D:3      | Reached skill level 1 in Necromancy
  1909 | D:3      | Reached XP level 4. HP: 26/35 MP: 5/5
  1932 | D:3      | Slain by an orc wizard

Illustrated notes

Levels and vault maps discovered:
D:1:      dpeg_arrival_tiny_g, layout_rooms,
          shapermc_ecumenical_altar_starsandcircs
D:2:      layout_basic
D:3:      layout_loops_ring, uniq_robin

Skill      XL: |  1  2  3 |
---------------+----------+-----
Stealth        | 2 |  2.1
Spellcasting   | 1 |  1.2
Necromancy     | 1 |  1.0
Fighting       | |  3.4
Short Blades   | |  2.6
Dodging        | |  2.7
Hexes          | |  0.7

Action                   |  1- 3 |  4- 6 || total
-------------------------+-------+-------++-------
Melee: Short sword       |    98 |       ||    98
       Dagger            |     3 |    22 ||    25
       Punch             |     1 |       ||     1
Invok: Curse Item        |     1 |       ||     1
  Use: Scroll            |       |     2 ||     2
 Stab: Sleeping          |     9 |       ||     9
Armor: Robe              |    19 |     5 ||    24
Dodge: Dodged            |    64 |     3 ||    67

Table legend: (Time is in decaauts)
 A = Elapsed time spent in this place.
 B = Non-inter-level travel time spent in this place.
 C = Inter-level travel time spent in this place.
 D = Time resting spent in this place.
 E = Time spent auto-exploring this place.
 F = Levels seen in this place.
 G = Mean time per level.
                   A        B        C        D        E       F      G
               +--------+--------+--------+--------+--------+-----+--------+
         Total |   1928 |   1844 |     84 |    338 |   1197 |   3 |  642.7 |
       Dungeon |   1928 |   1844 |     84 |    338 |   1197 |   3 |  642.7 |
               +--------+--------+--------+--------+--------+-----+--------+

Top non-repeatable levels by time:
     D:2: 1127 daAuts
     D:1: 711 daAuts
     D:3: 89 daAuts
